 Dungeon Crawl Stone Soup version 0.32-a0-350-g4f4d228785 (webtiles) character file.

Game seed: 10083203422109390451

2 Redcow54321 the Firebug (level 1, 0/19 HPs)
             Began as a Mountain Dwarf Cinder Acolyte on Feb 18, 2024.
             Was a High Priest of Ignis.
             Slain by a jackal (3 damage)
             ... on level 1 of the Dungeon.
             The game lasted 00:01:27 (36 turns).

Redcow54321 the Firebug (MDCA)                        Turns: 36, Time: 00:01:27

Health: 0/19       AC:  2    Str: 16    XL:     1   Next: 25%
Magic:  2/2        EV: 11    Int: 14    God:    Ignis [*****.]
Gold:   0          SH:  0    Dex:  5    Spells: 2/2 levels left

rFire   + . .        a - -1 hand axe (flame)
rCold   . . .        (no shield)
rNeg    . . .        b - +0 robe
rPois   .            (no helmet)
rElec   .            (no cloak)
rCorr   .            (no gloves)
SInv    .            (no boots)
Will    .....        (no amulet)
Stlth   +            (no ring)
HPRegen 0.23/turn    (no ring)
MPRegen 0.08/turn

%: no passive effects
@: no status effects
A: runic magic, artefact enchanting
a: Renounce Religion, Fiery Armour, Foxfire Swarm, Rising Flame


You were on level 1 of the Dungeon.
You worshipped Ignis.
Ignis was extremely pleased with you.
You visited 1 branch of the dungeon, and saw 1 of its levels.

Inventory:

Hand Weapons
 a - a -1 hand axe of flaming (weapon)
Armour
 b - a +0 robe (worn)
Scrolls
 c - a scroll of poison {unknown}


   Skills:
 - Level 3.2 Fighting
 - Level 3.6(3.7) Axes
 + Level 0.8(2.4) Maces & Flails
 - Level 1.0 Spellcasting
 - Level 3.6 Fire Magic


You had 2 spell levels left.
You didn't know any spells.
Your spell library contained the following spells:

 Spells                   Type           Power      Damage    Failure   Level
 Scorch                   Fire           20%        2d5       9%          2


Dungeon Overview and Level Annotations

Branches:
Dungeon (1/15)

Altars:


Innate Abilities, Weirdness & Mutations

Your spellcasting is much less encumbered by armour.
You can use scrolls of enchantment on lesser artefacts.


Message History

The jackal barks!
A jackal comes into view.
The jackal barely misses you.
You hit the jackal. You burn the jackal.
The jackal is severely wounded.
You closely miss the jackal. The jackal barely misses you.
The jackal bites you but does no damage.
You closely miss the jackal.
The jackal is severely wounded.
You closely miss the jackal.
The jackal misses you. x2; The jackal bites you. x2
You closely miss the jackal.
The jackal is severely wounded.
You closely miss the jackal. x2; The jackal misses you.
The jackal bites you. x2
You are too injured to fight recklessly!
The jackal bites you. The jackal barely misses you.
The jackal closely misses you. x2
You closely miss the jackal. x2; You hit the jackal but do no damage.
The jackal bites you. The jackal closely misses you. x2
The jackal attacks as it pursues you! The jackal bites you.
* * * LOW HITPOINT WARNING * * *
The jackal closely misses you.
You see here a scroll labelled IMANKU BUIPN.
You barely miss the jackal.
The jackal is severely wounded.
You hit the jackal. You burn the jackal.
You kill the jackal!
You hit the jackal but do no damage. The jackal barely misses you. x2
The jackal closely misses you. The jackal completely misses you.
You hit the jackal. You burn the jackal.
The jackal is severely wounded.
You completely miss the jackal.
The jackal bites you but does no damage. x2
The jackal bites you.
* * * LOW HITPOINT WARNING * * *
The jackal misses you.
You hit the jackal. You burn the jackal.
You kill the jackal!
You barely miss the jackal. The jackal bites you.
You die...
Ignis goes out, and joins you in death.

####.. ..#..
....######
...... .#
#.#..# .#
#.##.##.#
#.......#
#.@.?..>#
#..h†#.......#
+.....?......#
#....#.......#
#....#.......#
#....#.......#
#....##.######
###.###+# #.#
#.###


You could see a jackal.

Vanquished Creatures
  2 jackals (D:1)
2 creatures vanquished.

Notes
Turn   | Place    | Note
-------+----------+-------------------------------------------
     0 | D:1      | Redcow54321 the Mountain Dwarf Cinder Acolyte began the
                  | quest for the Orb.
     0 | D:1      | Reached XP level 1. HP: 19/19 MP: 2/2
    36 | D:1      | Slain by a jackal

Illustrated notes

Levels and vault maps discovered:
D:1:      tarquinn_simple_flora_water_e, layout_basic, serial_shops, shop

Action                     || total
---------------------------++-------
  Melee: Hand axe          ||     7
 Armour: Robe              ||    12
  Dodge: Dodged            ||    16

Table legend: (Time is in decaauts)
 A = Elapsed time spent in this place.
 B = Non-inter-level travel time spent in this place.
 C = Inter-level travel time spent in this place.
 D = Time resting spent in this place.
 E = Time spent auto-exploring this place.
 F = Levels seen in this place.
 G = Mean time per level.
                   A        B        C        D        E       F      G
               +--------+--------+--------+--------+--------+-----+--------+
         Total |     36 |     36 |      0 |      0 |     21 |   1 |   36.0 |
       Dungeon |     36 |     36 |      0 |      0 |     21 |   1 |   36.0 |
               +--------+--------+--------+--------+--------+-----+--------+

Top non-repeatable levels by time:
     D:1: 36 daAuts
